 Dungeon Crawl Stone Soup version 0.31-a0-237-g2d982f9f85 (webtiles) character file.

Game seed: 2830101515211301171

270 qw the Shooter (level 6, -2/53 HPs)
             Began as a Minotaur Hexslinger on July 10, 2023.
             Slain by Pargi (3 damage)
             ... in a sewer.
             The game lasted 00:01:09 (2322 turns).

qw the Shooter (Minotaur Hexslinger)                Turns: 2322, Time: 00:01:10

Health: -2/53      AC:  4    Str: 18    XL:     6   Next: 1%
Magic:  6/6        EV: 12    Int: 10    God:
Gold:   95         SH:  0    Dex: 15    Spells: 6/7 levels left

rFire   . . .        Y - +3 sling
rCold   . . .        (no shield)
rNeg    . . .        i - +1 leather armour {rPois}
rPois   +            (helmet restricted)
rElec   .            (no cloak)
rCorr   .            (no gloves)
SInv    .            (no boots)
Will    .....        (no amulet)
Stlth   +            a - +6 ring of strength
HPRegen 0.28/turn    (no ring)
MPRegen 0.10/turn

%: no passive effects
@: about to teleport
A: horns 2, retaliatory headbutt
a: no special abilities


You were in a sewer.
You visited 1 branch of the dungeon, and saw 4 of its levels.
You also visited: Sewer.

You collected 95 gold pieces.


Innate Abilities, Weirdness & Mutations

You have a pair of horns on your head.
You reflexively headbutt those who attack you in melee.


   Skills:
 - Level 4.4 Fighting
 + Level 5.6 Ranged Weapons
 - Level 2.1 Dodging
 - Level 1.0 Spellcasting
 - Level 2.0 Hexes


You had 6 spell levels left.
You knew the following spells:

 Your Spells              Type           Power      Damage    Failure   Level
a - Slow                  Hex            16%        N/A       19%         1

Your spell library contained the following spells:

 Spells                   Type           Power      Damage    Failure   Level
 Inner Flame              Hex/Fire       2%         N/A       63%         3
 Portal Projectile        Hex/Tloc       4%         N/A       63%         3
 Cause Fear               Hex            2%         N/A       87%         4

Inventory:

Hand Weapons
 Y - a +3 sling (weapon)
Armour
 i - a +1 leather armour of poison resistance (worn)
Jewellery
 a - a +6 ring of strength (left hand)
Scrolls
 e - a scroll of brand weapon {unknown}
 h - 2 scrolls of enchant armour {unknown}
 j - a scroll of acquirement {unknown}
 k - a scroll of fog {unknown}
Potions
 c - a potion of curing
 d - a potion of degeneration {unknown}
 f - a potion of lignification {unknown}
 g - a potion of invisibility {unknown}
 l - a potion of might {unknown}
 m - a potion of magic {unknown}

Dungeon Overview and Level Annotations

Branches:
Dungeon (4/15)              Sewer (1/1)
 Temple: D:4-7

Altars:
Fedhas
Nemelex Xobeh
Yredelemnul

Shops:
D:2 :

Portals:
Abyss: D:3

Annotations:
D:3 2 transporters, qw's ghost, amateur GrHs Sewer Pargi


Message History

Pargi is heavily wounded.
Pargi snarls, "Go!
Away!"
Pargi closely misses you. Pargi barely misses you. Pargi claws you.
You shoot a sling bullet. The sling bullet hits Pargi.
Pargi is heavily wounded.
Pargi bites you! Pargi closely misses you. Pargi claws you.
Pargi closely misses you. x2; Pargi claws you.
You shoot a sling bullet.
The sling bullet hits Pargi but does no damage.
Pargi is heavily wounded.
Pargi bites you. Pargi completely misses you. Pargi misses you.
You shoot a sling bullet. The sling bullet hits Pargi.
Pargi is severely wounded.
Pargi bites you. Pargi misses you. Pargi claws you but does no damage.
You shoot a sling bullet. The sling bullet barely misses Pargi.
Pargi bites you. Pargi claws you but does no damage. Pargi barely misses you.
You shoot a sling bullet. The sling bullet hits Pargi!
Pargi is severely wounded.
Pargi bites you but does no damage. Pargi claws you. Pargi misses you.
You shoot a sling bullet. The sling bullet barely misses Pargi.
Pargi bites you but does no damage. Pargi claws you but does no damage.
Pargi claws you.
You shoot a sling bullet. The sling bullet hits Pargi.
Pargi is severely wounded.
Pargi closely misses you. Pargi claws you. x2
2319 ||| READING scroll of teleportation.
As you read the scroll of teleportation, it crumbles to dust.
You feel strangely unstable. Pargi bites you but does no damage.
Pargi closely misses you. Pargi barely misses you.
You shoot a sling bullet. The sling bullet closely misses Pargi.
Pargi pleads, "Don't hit me!"
Pargi closely misses you. Pargi barely misses you. x2
You shoot a sling bullet. The sling bullet closely misses Pargi.
Pargi bites you. Pargi claws you but does no damage. x2
Pargi barely misses you. Pargi claws you but does no damage. x2
You shoot a sling bullet. The sling bullet closely misses Pargi.
Pargi hisses, "I bite!"
Pargi bites you! Pargi claws you.
You die...

~~~~~~~~~~~~#
~~~~~~~~~~~~###
~~~~~~~~~~~~~~#
.~~~~~~~~~~~~~###
#.~~~~~~~~~~~~~~~
#~~~~~~~~~~~~~~
#~..~~~~~~~~~~
#T~~~~~~~~~
#@~~~~~~~~~
#..~~~~~~~~
###~~~~~~~# #
##.~~~~~~~~ # #####
#..~~~~~~~# #
#...#######~~~~~~~~#
#
#.\.~~~~~~~~~~~~~~~~
#...#######.~~~~~~~~
##### ##~~~~~~~~~


You could see Pargi.

Vanquished Creatures
  A water moccasin (D:3)
  8 adders
  3 worms (D:4)
  5 orcs (D:3)
  5 ball pythons
  7 endoplasms
  2 giant cockroaches
  7 goblins
  7 hobgoblins
  6 jackals
  A quokka (D:1)
  6 bats
  8 frilled lizards
  7 kobolds
  2 rats
  A spectral goblin (D:1)
76 creatures vanquished.

Notes
Turn   | Place    | Note
-------+----------+-------------------------------------------
     0 | D:1      | qw the Minotaur Hexslinger began the quest for the Orb.
     0 | D:1      | Reached XP level 1. HP: 16/16 MP: 1/1
     0 | D:1      | 0 ||| qw: Version: 0.3-a-52-g30416fa
     0 | D:1      | 0 ||| qw: Game counter: 5019
     0 | D:1      | 0 ||| qw: Melee chars always use a shield: true
     0 | D:1      | 0 ||| qw: God list: Okawaru
     0 | D:1      | 0 ||| qw: Allow faded altars: false
     0 | D:1      | 0 ||| qw: Do Orc after clearing Dungeon:15 true
     0 | D:1      | 0 ||| qw: Do second Lair branch before Depths: true
     0 | D:1      | 0 ||| qw: Lair rune preference: random
     0 | D:1      | 0 ||| qw: Goals: Normal
     0 | D:1      | 0 ||| PLANNING D:1-11
   163 | D:1      | Reached skill level 3 in Ranged Weapons
   175 | D:1      | Reached XP level 2. HP: 23/23 MP: 2/2
   344 | D:1      | Found a faded altar of an unknown god.
   477 | D:1      | 477 ||| FLEEEEING.
   599 | D:1      | Reached XP level 3. HP: 29/29 MP: 3/3
   618 | D:1      | 618 ||| UPGRADING to +1 leather armour of poison
                  | resistance.
   628 | D:1      | 628 ||| DROPPING +0 robe.
   629 | D:1      | 629 ||| READING scroll labelled VEHELO DIQO.
   630 | D:1      | 630 ||| READING scroll labelled QICUUPTENT.
   631 | D:1      | 631 ||| READING scroll labelled CAELEMMEX LELI.
   632 | D:1      | 632 ||| DROPPING scroll of poison.
   647 | D:2      | 647 ||| STAIRDANCE
   830 | D:2      | Reached skill level 4 in Ranged Weapons
   888 | D:2      | Found Suecal's Book Shop.
  1369 | D:2      | 1369 ||| READING scroll labelled GAUTAS JIJA.
  1370 | D:2      | 1370 ||| READING scroll labelled BERCHU JYILU.
  1373 | D:2      | 1373 ||| READING scroll labelled DUOCUJ KETAUQI.
  1374 | D:2      | 1374 ||| DRINKING 2 ruby potions.
  1407 | D:3      | Reached XP level 4. HP: 36/36 MP: 4/4
  1432 | D:3      | Found a blossoming altar of Fedhas.
  1498 | D:3      | Found a sparkling altar of Nemelex Xobeh.
  1517 | D:3      | 1517 ||| FLEEEEING.
  1543 | D:3      | Reached skill level 5 in Ranged Weapons
  1574 | D:3      | Noticed a water moccasin
  1588 | D:3      | HP: 5/36 [water moccasin (6)]
  1589 | D:3      | 1589 ||| DRINKING potion of heal wounds.
  1591 | D:3      | Killed a water moccasin
  1592 | D:3      | Reached XP level 5. HP: 30/47 MP: 5/5
  1824 | D:3      | Found a transporter.
  1830 | D:3      | Noticed an ancient zyme
  1832 | D:3      | Found a transporter.
  1835 | D:3      | Noticed qw's ghost (amateur GrHs)
  1845 | D:3      | 1845 ||| READING scroll of enchant weapon.
  1845 | D:3      | 1845 ||| ENCHANTING +2 sling.
  1848 | D:3      | Found a one-way gate to the infinite horrors of the Abyss.
  1849 | D:3      | Noticed a small abomination
  2062 | D:3      | 2062 ||| UPGRADING to +6 ring of strength.
  2063 | D:3      | 2063 ||| DRINKING 2 blue potions.
  2088 | D:4      | 2088 ||| PLANNING SEWER
  2142 | D:4      | Found a basalt altar of Yredelemnul.
  2195 | D:4      | Found a glowing drain.
  2219 | Sewer    | Entered a sewer
  2249 | Sewer    | 2249 ||| Stepping ~*~*~tactically~*~*~ (water).
  2252 | Sewer    | 2252 ||| Stepping ~*~*~tactically~*~*~ (water).
  2300 | Sewer    | Noticed Pargi
  2301 | Sewer    | 2301 ||| Stepping ~*~*~tactically~*~*~ (water).
  2305 | Sewer    | Reached XP level 6. HP: 53/53 MP: 6/6
  2306 | Sewer    | 2306 ||| Stepping ~*~*~tactically~*~*~ (water).
  2318 | Sewer    | HP: 12/53 [Pargi (2)]
  2319 | Sewer    | 2319 ||| READING scroll of teleportation.
  2322 | Sewer    | HP: 1/53 [Pargi (7)]
  2322 | Sewer    | Slain by Pargi

Levels and vault maps discovered:
D:1:      amcnicky_arrival_flooded_fountain, layout_loops_ring,
          dreamdust_ecumenical_altar_drowned_temple
D:2:      layout_loops_cross, serial_shops, nicolae_shop_gibbet_a_chance,
          nrook_mini_vaults
D:3:      layout_basic, mainiacjoe_overflow_catwalk, nemelex_spade_bored_becter,
          gammafunk_ghost_abyssal_escape
D:4:      layout_basic, kennysheep_ying_yang, minmay_temple_entry_sparse_star,
          cheibrodos_sewer_entry_sluice, kennysheep_decorative_pillar,
          minmay_unequal
Sewer:    sewer_co_pargi_island

Skill      XL: |  1  2  3  4 |
---------------+-------------+-----
Ranged Weapons | 3 4 5 |  5.6
Fighting       | 2 4 |  4.4
Dodging        | |  2.1
Spellcasting   | |  1.0
Hexes          | |  2.0

Action                     |  1- 3 |  4- 6 || total
---------------------------+-------+-------++-------
   Fire: Sling             |   149 |   125 ||   274
    Use: Scroll            |     6 |     2 ||     8
         Potion            |     1 |     2 ||     3
 Armour: Robe              |     8 |       ||     8
         Leather armour    |    16 |    20 ||    36
  Dodge: Dodged            |    32 |    52 ||    84

Table legend:
 A = Non-vault XP
 B = Vault XP
 C = Vault XP percentage of total XP
 D = Non-vault monster count
 E = Vault monster count
 F = Vault count percentage of total count
                 A         B        C        D         E       F
            +---------+---------+-------+---------+---------+-------
      Total |     330 |      56 |  14.5 |      67 |       9 |  11.8
            +---------+---------+-------+---------+---------+-------
        D:1 |      55 |       1 |   1.8 |      26 |       1 |   3.7
        D:2 |      37 |       0 |   0.0 |      16 |       0 |   0.0
        D:3 |     231 |       0 |   0.0 |      22 |       0 |   0.0
        D:4 |       7 |      12 |  63.2 |       3 |       3 |  50.0
      Sewer |       0 |      43 | 100.0 |       0 |       5 | 100.0
            +---------+---------+-------+---------+---------+-------
